 Dungeon Crawl Stone Soup version 0.31-a0-1163-gcee99d1eea (webtiles) character file.

Game seed: 9428721127080454635

765 DApurpleWHUMPUS the Magician (level 7, 0/50 HPs)
             Began as a Hill Orc Fire Elementalist on Dec 9, 2023.
             Was a Follower of Vehumet.
             Slain by Pikel
             ... wielding a +1 whip of electrocution
              (6 damage)
             ... on level 4 of the Dungeon.
             The game lasted 00:09:25 (4583 turns).

DApurpleWHUMPUS the Magician (HOFE)                 Turns: 4583, Time: 00:09:26

Health: 0/50       AC:  3    Str: 11    XL:     7   Next: 81%
Magic:  9/16       EV: 12    Int: 17    God:    Vehumet [*.....]
Gold:   265        SH:  0    Dex: 11    Spells: 16/19 levels left

rFire   + + .        d - staff of fire
rCold   + . .        (no shield)
rNeg    . . .        o - +1 robe {rC+ rF+}
rPois   .            (no helmet)
rElec   .            (no cloak)
rCorr   .            (no gloves)
SInv    .            (no boots)
Will    .....        (no amulet)
Stlth   ++           (no ring)
HPRegen 0.28/turn    (no ring)
MPRegen 0.15/turn

%: no passive effects
@: no status effects
A: no striking features
a: Renounce Religion


You were on level 4 of the Dungeon.
You worshipped Vehumet.
Vehumet was aware of your devotion.
You visited 1 branch of the dungeon, and saw 5 of its levels.

You collected 265 gold pieces.

Inventory:

Armour
 a - a +0 robe
 j - a +2 robe
 o - a +1 robe of resistance (worn)
Magical Staves
 d - a staff of fire (weapon)
Scrolls
 c - 3 scrolls of teleportation {unknown}
 e - a scroll of poison {unknown}
 h - a scroll of acquirement {unknown}
 i - a scroll of fear {unknown}
 k - a scroll of amnesia {unknown}
 l - a scroll of noise {unknown}
 n - a scroll of blinking {unknown}
Potions
 b - a potion of magic
 f - a potion of degeneration {unknown}
 g - a potion of ambrosia {unknown}
 m - 2 potions of heal wounds {unknown}


   Skills:
 - Level 1.6 Dodging
 - Level 1.6 Stealth
 * Level 6.5 Spellcasting
 - Level 1.1 Conjurations
 - Level 3.3 Fire Magic


You had 16 spell levels left.
You knew the following spells:

 Your Spells              Type           Power      Damage    Failure   Level
a - Foxfire               Conj/Fire      76%        2x1d7     4%          1
b - Scorch                Fire           50%        2d7       4%          2

Your spell library contained the following spells:

 Spells                   Type           Power      Damage    Failure   Level
 Kiss of Death            Conj/Necr      28%        2d7       10%         1
 Apportation              Tloc           10%        N/A       12%         1
 Necrotise                Necr           20%        1d5       12%         1
 Summon Small Mammal      Summ           20%        N/A       12%         1
 Inner Flame              Hex/Fire       16%        N/A       19%         3
 Volatile Blastmotes      Fire/Tloc      32%        2d12      19%         3
 Vampiric Draining        Necr           5%         2d6       36%         3
 Flame Wave               Conj/Fire      19%        2d7       43%         4
 Agony                    Necr           5%         N/A       98%         5
 Conjure Ball Lightning   Conj/Air       3%         3x3d6     100%        6
 Discord                  Hex            2%         N/A       100%        8
 Disjunction              Tloc           2%         N/A       100%        8


Dungeon Overview and Level Annotations

Branches:
Dungeon (5/15)             Temple (0/1) D:4

Altars:
Gozag
Nemelex Xobeh
Sif Muna
Vehumet
The Shining One

Shops:
D:2 (

Annotations:
D:4 Pikel


Message History

Pikel's fire resistance burns away.
The ufetubus hits you but does no damage.
The ufetubus barely misses you. The lemure hits you.
Pikel hits you with a +1 whip of electrocution!
The ufetubus barely misses you. The ufetubus closely misses you.
Casting: Scorch (safe; 4% risk of failure)
Confirm with . or Enter, or press ? or * to list all spells.
You feel a surge of power!
There is not enough space to conjure foxfire!
Casting: Foxfire (safe; 4% risk of failure)
Confirm with . or Enter, or press ? or * to list all spells.
You feel a surge of power!
Flames lash the ufetubus.
The ufetubus is burned terribly!
You kill the ufetubus!
Vehumet accepts your kill. The lemure misses you. Pikel misses you.
The lemure hits you! Pikel closely misses you.
Casting: Scorch (safe; 4% risk of failure)
Confirm with . or Enter, or press ? or * to list all spells.
You feel a surge of power!
Flames lash Pikel.
Pikel is burned terribly!
Pikel is heavily wounded.
The lemure hits you!
* * * LOW HITPOINT WARNING * * *
Pikel barely misses you.
Okay, then.
Okay, then.
You feel better. The lemure hits you.
* * * LOW HITPOINT WARNING * * *
Pikel hits you with a +1 whip of electrocution!
* * * LOW HITPOINT WARNING * * *
Casting: Scorch (safe; 4% risk of failure)
Confirm with . or Enter, or press ? or * to list all spells.
You feel a surge of power!
Flames lash the lemure.
The lemure is lightly wounded.
The lemure's fire resistance burns away.
The lemure hits you.
* * * LOW HITPOINT WARNING * * *
Pikel hits you with a +1 whip of electrocution.
You die...
Pikel says, "Another soul for the market."

.# .# ###### .#
#....# .# #....# .#
#....# .# #....# .#
#....#
.########....#######
........+......K@..#
#########....##5##.#
##.........####.##.#
.....#####.# #.##.#
.....# #.# #.##.#
.....# ###.####.##.#
...### #...#.......#
...# #.###.##.####
...# #.# #.##.#


You could see Pikel (combustible) and a lemure (combustible).

Vanquished Creatures
  Sigmund (D:3)
  Menkaure (D:5)
  A centaur (D:4)
  A lemure (D:5)
  A scorpion (D:4)
  A jelly (D:5)
  An orc priest (D:2)
  A sleepcap (D:4)
  Jessica (D:3)
  2 orc wizards
  Robin (D:3)
  3 gnolls (D:3)
  2 adders (D:4)
  A white imp (D:5)
  An ufetubus (D:4)
  2 worms
  2 dart slugs
  13 orcs
  7 ball pythons
  8 endoplasms
  A giant cockroach (D:1)
  17 goblins
  3 hobgoblins
  3 jackals (D:1)
  3 kobolds (D:1)
  3 quokkas
  5 bats
  4 frilled lizards
  4 rats
94 creatures vanquished.

Vanquished Creatures (others)
  305 foxfires
305 creatures vanquished.

Grand Total: 399 creatures vanquished

Notes
Turn   | Place    | Note
-------+----------+-------------------------------------------
     0 | D:1      | DApurpleWHUMPUS the Hill Orc Fire Elementalist began the
                  | quest for the Orb.
     0 | D:1      | Reached XP level 1. HP: 14/14 MP: 3/3
   192 | D:1      | Reached XP level 2. HP: 20/20 MP: 0/4
   249 | D:1      | Reached skill level 2 in Spellcasting
   732 | D:1      | Reached XP level 3. HP: 26/26 MP: 3/6
   997 | D:2      | Found Tuacrep's Antique Weapon Emporium.
  1011 | D:2      | Found an opulent altar of Gozag.
  1691 | D:2      | Reached skill level 3 in Spellcasting
  1691 | D:2      | Reached XP level 4. HP: 11/33 MP: 2/8
  2079 | D:3      | Learned a level 2 spell: Scorch
  2240 | D:3      | Found a radiant altar of Vehumet.
  2249 | D:3      | Became a worshipper of Vehumet
  2297 | D:3      | Noticed Jessica
  2305 | D:3      | Killed Jessica
  2306 | D:3      | Reached XP level 5. HP: 38/38 MP: 5/10
  2343 | D:3      | Noticed Sigmund
  2351 | D:3      | Killed Sigmund
  2352 | D:3      | Reached skill level 4 in Spellcasting
  2352 | D:3      | Reached XP level 6. HP: 41/45 MP: 1/13
  2586 | D:3      | Reached skill level 5 in Spellcasting
  2660 | D:3      | Noticed Robin
  2667 | D:3      | Killed Robin
  3207 | D:4      | Found a staircase to the Ecumenical Temple.
  3297 | D:4      | Reached * piety under Vehumet
  3297 | D:4      | Offered knowledge of Kiss of Death by Vehumet.
  3303 | D:4      | Reached XP level 7. HP: 5/50 MP: 3/15
  3718 | D:4      | Found a glowing golden altar of the Shining One.
  3962 | D:4      | Found a shimmering blue altar of Sif Muna.
  4088 | D:4      | Reached skill level 6 in Spellcasting
  4184 | D:4      | Found a sparkling altar of Nemelex Xobeh.
  4250 | D:5      | Entered Level 5 of the Dungeon
  4250 | D:5      | Noticed Menkaure
  4254 | D:5      | Killed Menkaure
  4270 | D:5      | Noticed Pikel
  4583 | D:4      | Slain by Pikel

Illustrated notes

Levels and vault maps discovered:
D:1:      minmay_arrival_radiant_lines, layout_rooms
D:2:      layout_basic, serial_shops, shop, nicolae_shop_trees, basic_altar
D:3:      layout_basic, mainiacjoe_overflow_six_doors_small,
          minmay_tree_intersection, kennysheep_generic_room_14, uniq_jessica,
          uniq_sigmund, uniq_robin
D:4:      layout_basic, led_sif_pool, nemelex_dance_club_becter, tso_metal_star,
          minmay_temple_entry_drinking_statues
D:5:      layout_cave_pools, minivault_19, roderic_roman_lattice,
          minmay_manual_mares, uniq_menkaure, uniq_pikel

Skill      XL: |  1  2  3  4  5  6  7 |
---------------+----------------------+-----
Spellcasting   | 2 3 4 5 6 |  6.5
Dodging        | |  1.6
Stealth        | |  1.6
Conjurations   | |  1.1
Fire Magic     | |  3.3

Action                     |  1- 3 |  4- 6 |  7- 9 || total
---------------------------+-------+-------+-------++-------
  Melee: Unarmed           |     7 |       |       ||     7
         Staff             |     4 |    10 |    15 ||    29
   Cast: Foxfire           |    95 |    45 |    48 ||   188
         Scorch            |       |    12 |    19 ||    31
    Use: Potion            |       |     1 |     1 ||     2
 Armour: Robe              |    15 |    34 |    37 ||    86
  Dodge: Dodged            |     9 |     9 |    39 ||    57

Table legend: (Time is in decaauts)
 A = Elapsed time spent in this place.
 B = Non-inter-level travel time spent in this place.
 C = Inter-level travel time spent in this place.
 D = Time resting spent in this place.
 E = Time spent auto-exploring this place.
 F = Levels seen in this place.
 G = Mean time per level.
                   A        B        C        D        E       F      G
               +--------+--------+--------+--------+--------+-----+--------+
         Total |   4593 |   4428 |    165 |    650 |   3129 |   5 |  918.6 |
       Dungeon |   4593 |   4428 |    165 |    650 |   3129 |   5 |  918.6 |
               +--------+--------+--------+--------+--------+-----+--------+

Top non-repeatable levels by time:
     D:4: 1509 daAuts
     D:3: 1133 daAuts
     D:1: 968 daAuts
     D:2: 939 daAuts
     D:5: 42 daAuts
